 Dungeon Crawl Stone Soup version 0.25.1-2-g60ff931df9 (webtiles) character file.

Game seed: 10419927512177062875

875 Almogavar the Slasher (level 7, -10/55 HPs)
             Began as a Demonspawn Abyssal Knight on Sept 4, 2020.
             Was a Priest of Lugonu.
             Mangled by a crocodile (14 damage)
             ... in a sewer.
             The game lasted 00:16:35 (5506 turns).

Almogavar the Slasher (Demonspawn Abyssal Knight)   Turns: 5506, Time: 00:16:35

Health: -10/55     AC: 15    Str: 13    XL:     7   Next: 74%
Magic:  8/8        EV:  7    Int: 14    God:    Lugonu [***...]
Gold:   232        SH:  0    Dex: 13    Spells: 6/6 levels left

rFire    . . .     SeeInvis .   a - +1 falchion
rCold    + . .     Gourm    .   (no shield)
rNeg     . . .     Faith    .   k - +0 chain mail
rPois    .         Spirit   .   (helmet restricted)
rElec    .         Reflect  .   j - +1 cloak
rCorr    .         Harm     .   q - +0 pair of gloves
MR       +....                  (no boots)
Stlth    ..........             (no amulet)
HPRegen  0.18/turn              m - ring of protection from magic
MPRegen  0.11/turn              (no ring)

@: mighty, flying
A: horns 1, icy blue scales 2, cold resistance 1
a: Depart the Abyss, Bend Space, Banish, Renounce Religion


You were in a sewer.
You worshipped Lugonu.
Lugonu was most pleased with you.
You were not hungry.

You visited 1 branch of the dungeon, and saw 5 of its levels.
You visited the Abyss 1 time.
You also visited: Sewer.

You collected 232 gold pieces.

Inventory:

Hand Weapons
 a - a +1 falchion (weapon)
Missiles
 r - a silver javelin (quivered)
 w - 5 boomerangs
Armour
 j - a +1 cloak (worn)
 k - a +0 chain mail (worn)
 q - a +0 pair of gloves (worn)
Jewellery
 m - a ring of protection from magic (left hand)
Wands
 e - a wand of disintegration (6)
 f - a wand of iceblast (7)
Scrolls
 g - 2 scrolls of fear
 h - 2 scrolls of amnesia
 l - 2 scrolls of enchant weapon
 n - a scroll of fog
 t - 5 scrolls of enchant armour
 v - a scroll of blinking {unknown}
Potions
 d - 2 potions of resistance
 i - a potion of invisibility
 p - a potion of curing {unknown}
 s - a potion of haste {unknown}
Comestibles
 c - 9 rations
 u - 8 chunks of flesh


   Skills:
 + Level 4.4 Fighting
 + Level 5.3 Long Blades
 + Level 0.6 Throwing
 + Level 4.2 Armour
 + Level 2.9 Dodging
 + Level 0.2 Stealth
 + Level 2.5 Invocations
 * Level 1.8 Evocations


You had 6 spell levels left.
You didn't know any spells.
Your spell library contained the following spells:

 Spells                   Type           Power        Failure   Level  Hunger
 Corona                   Hex            #......      100%        1    ##.....
 Ensorcelled Hibernation  Hex/Ice        #.....       100%        2    ###....
 Confusing Touch          Hex            #.......     100%        3    ####...
 Dazzling Flash           Conj/Hex       #.....       100%        3    ####...
 Tukima's Dance           Hex            #.......     100%        3    ####...


Dungeon Overview and Level Annotations

Branches:
Dungeon (5/15)              Sewer (1/1)
 Temple: D:4-7

Altars:
Gozag
Ru
Trog

Annotations:
D:4 1 runed translucent door, Joeren's ghost, amateur FoFE


Innate Abilities, Weirdness & Mutations

You have a pair of small horns on your head.
You are mostly covered in icy blue scales. (AC +3)
Your flesh is cold resistant. (rC+)


Message History

* * * LOW HITPOINT WARNING * * *
It was a potion of might.
You feel very mighty all of a sudden. The crocodile bites you.
* * * LOW HITPOINT WARNING * * *
You barely miss the crocodile.
The crocodile is moderately wounded.
The crocodile closely misses you.
Your chain mail prevents you from hitting the crocodile.
Your headbutt misses the crocodile.
The crocodile is moderately wounded.
The crocodile bites you.
* * * LOW HITPOINT WARNING * * *
You hit the crocodile. You headbutt the crocodile!
The crocodile is severely wounded.
The crocodile bites you but does no damage.
You hit the crocodile. You headbutt the crocodile.
The crocodile is almost dead.
The crocodile bites you!
You die...

##...## ##.## #.#
#.# #.# . #.# ...
#.#
.....####.#######
......t@.........
.....############
... .


You could see a crocodile.

Vanquished Creatures
  Sigmund (D:2)
  A black bear (D:3)
  A bullfrog (D:5)
  A centaur skeleton (D:5)
  A hound (D:5)
  An orc priest (D:4)
  A bullfrog skeleton (D:4)
  Crazy Yiuf (D:2)
  Ijyb (D:3)
  Jessica (D:2)
  An iguana (D:5)
  3 orc wizards
  3 worker ants
  A hound skeleton (D:4)
  Robin (D:2)
  A river rat (D:5)
  4 adders
  An adder skeleton (D:4)
  2 worms
  2 dart slugs
  3 leopard geckos
  9 orcs
  4 ball pythons
  11 bats
  2 giant cockroaches
  9 hobgoblins
  5 kobolds
  3 quokkas
  6 frilled lizards
  18 goblins
  A quokka skeleton (D:4)
  6 rats
106 creatures vanquished.

Notes
Turn   | Place    | Note
-------+----------+-------------------------------------------
     0 | Abyss:1  | Almogavar the Demonspawn Abyssal Knight began the quest for
                  | the Orb.
     0 | Abyss:1  | Reached XP level 1. HP: 18/18 MP: 2/2
    54 | Abyss:1  | Noticed a great orb of eyes
    55 | D:1      | Escaped the Abyss
   152 | D:1      | Reached * piety under Lugonu
   325 | D:1      | Reached skill level 2 in Long Blades
   337 | D:1      | Gained mutation: You have a pair of small horns on your
                  | head. [demonic ancestry]
   337 | D:1      | Reached XP level 2. HP: 24/24 MP: 3/3
   344 | D:1      | Reached skill level 1 in Dodging
  1598 | D:2      | Reached XP level 3. HP: 27/29 MP: 4/4
  1621 | D:2      | Found a runed translucent door.
  1622 | D:2      | Noticed Crazy Yiuf
  1857 | D:2      | Noticed Sigmund
  2690 | D:2      | Noticed Robin
  2696 | D:2      | Reached ** piety under Lugonu
  2710 | D:2      | Gained mutation: Your flesh is cold resistant. (rC+)
                  | [demonic ancestry]
  2710 | D:2      | Reached XP level 4. HP: 15/37 MP: 5/5
  2712 | D:2      | Killed Robin
  2978 | D:2      | Noticed Jessica
  2982 | D:2      | Killed Jessica
  2982 | D:2      | Reached skill level 3 in Long Blades
  3015 | D:2      | Found a sacrificial altar of Ru.
  3146 | D:2      | Found an opulent altar of Gozag.
  3167 | D:2      | Killed Sigmund
  3167 | D:2      | Gained mutation: You are partially covered in icy blue
                  | scales. (AC +2) [demonic ancestry]
  3167 | D:2      | Reached XP level 5. HP: 38/42 MP: 6/6
  3167 | D:2      | Reached XP level 6. HP: 43/48 MP: 7/7
  3418 | D:2      | Killed Crazy Yiuf
  3537 | D:2      | Reached skill level 4 in Long Blades
  3985 | D:3      | Noticed Ijyb
  4013 | D:3      | Killed Ijyb
  4153 | D:3      | Gained mutation: You are mostly covered in icy blue scales.
                  | (AC +3) [demonic ancestry]
  4153 | D:3      | Reached XP level 7. HP: 53/54 MP: 8/8
  4447 | D:4      | Reached *** piety under Lugonu
  4606 | D:4      | Reached skill level 1 in Evocations
  4705 | D:4      | Found a bloodstained altar of Trog.
  4813 | D:4      | Found a runed translucent door.
  4818 | D:4      | Noticed Joeren's ghost (amateur FoFE)
  5169 | D:5      | Entered Level 5 of the Dungeon
  5177 | D:5      | Reached skill level 5 in Long Blades
  5336 | D:5      | Found a glowing drain.
  5350 | Sewer    | Entered a sewer
  5506 | Sewer    | Mangled by a crocodile

Illustrated notes

Levels and vault maps discovered:
D:1:      sevenhm_arrival_forest_fort_small_6, layout_basic,
          serial_corexii_hall, chequers_hall_statues_wall_a,
          corexii_hall_statues_x
D:2:      layout_rooms, lemuel_coloured_pillars_altar,
          nicolae_ru_sacrificial_ziggurat, uniq_sigmund, uniq_robin,
          uniq_crazy_yiuf_cottage, uniq_jessica
D:3:      wad_pebble_path, layout_rooms, first_ration, uniq_ijyb
D:4:      layout_loops_ring, bloody_trog, ebering_ghost_reflecting_pool,
          minmay_misc_feat_tiny, grunt_decor_cap, hangedman_abyss_or_decor_stabs
D:5:      layout_loops_ring, minmay_temple_entry_glassed_door,
          portal_sewer_entry_a, uniq_pikel
Sewer:    sewer_big_baddie

Skill      XL: |  1  2  3  4  5  6  7 |
---------------+----------------------+-----
Long Blades    | 2 3 4 5 |  5.3
Dodging        | 1 2 |  2.9
Armour         | 2 3 4 |  4.2
Fighting       | 4 |  4.4
Evocations     | 1 |  1.8
Throwing       | |  0.6
Stealth        | |  0.2
Invocations    | |  2.5

Action                   |  1- 3 |  4- 6 |  7- 9 || total
-------------------------+-------+-------+-------++-------
Melee: Falchion          |   102 |   136 |   166 ||   404
       Headbutt          |     9 |    31 |    37 ||    77
Throw: Javelin           |     2 |     3 |       ||     5
Invok: Depart the Abyss  |     1 |       |       ||     1
  Use: Scroll            |     3 |     3 |     5 ||    11
       Potion            |       |     1 |     2 ||     3
  Eat: Chunk             |     3 |     4 |     5 ||    12
       Ration            |     1 |       |       ||     1
Armor: Leather armour    |    15 |     1 |       ||    16
       Chain mail        |       |    91 |   109 ||   200
Dodge: Dodged            |    61 |    48 |    60 ||   169
       Rpst.: Falchion   |    24 |    11 |    21 ||    56
